 Dungeon Crawl Stone Soup version 0.30-a0-723-gc1506a1cf0 (webtiles) character file.

Game seed: 8223717843690632345

108 Sabo the Conjurer (level 4, -8/27 HPs)
             Began as an Octopode Conjurer on Jan 28, 2023.
             Was an Initiate of Hepliaklqana.
             Killed by nerve-wracking pain
             ... invoked by an orc priest
              (10 damage)
             ... on level 3 of the Dungeon.
             The game lasted 00:18:50 (3383 turns).

Sabo the Conjurer (Octopode Conjurer)               Turns: 3383, Time: 00:18:51

Health: -8/27      AC:  1    Str:  6    XL:     4   Next: 87%
Magic:  2/8        EV: 13    Int: 22    God:    Hepliaklqana [......]
Gold:   179        SH:  0    Dex: 10    Spells: 7/8 levels left

rFire   . . .      SeeInvis .    n - staff of conjuration
rCold   . . .      Faith    .    (no shield)
rNeg    . . .      Spirit   .    (helmet restricted)
rPois   .          Reflect  .    (no amulet)
rElec   .          Harm     .    o - ring of resist corrosion
rCorr   +          Rampage  .    (no ring)
Will    .....                    (no ring)
Stlth   +++                      (no ring)
HPRegen 0.24/turn                (no ring)
MPRegen 0.11/turn                (no ring)
                                 (no ring)
                                 (no ring)

@: no status effects
A: almost no armour, amphibious, 8 rings, camouflage 1, gelatinous body 1,
(nimble swimmer 1), tentacles
a: Renounce Religion


You were on level 3 of the Dungeon.
You worshipped Hepliaklqana.
Hepliaklqana was noncommittal.
You visited 1 branch of the dungeon, and saw 3 of its levels.

You collected 179 gold pieces.

Inventory:

Hand Weapons
 e - a +0 flail
Missiles
 d - 2 boomerangs of dispersal
 i - 5 poisoned darts (quivered)
 p - a throwing net
Armour
 j - a +2 kite shield
Magical Staves
 n - a staff of conjuration (weapon)
Jewellery
 o - a ring of resist corrosion (left tentacle)
Scrolls
 f - a scroll of poison
 g - 2 scrolls of teleportation
 h - a scroll of acquirement {unknown}
 k - a scroll of fog {unknown}
 m - a scroll of enchant weapon {unknown}
Potions
 a - a potion of magic
 b - a potion of brilliance
 c - a potion of mutation {unknown}
 l - a potion of might {unknown}


   Skills:
 + Level 0.2 Maces & Flails
 + Level 2.4 Dodging
 + Level 3.2 Stealth
 + Level 2.8 Spellcasting
 + Level 5.1 Conjurations


You had 7 spell levels left.
You knew the following spells:

 Your Spells              Type           Power      Damage    Failure   Level
a - Magic Dart            Conj           100%       1d8       1%          1

Your spell library contained the following spells:

 Spells                   Type           Power      Damage    Failure   Level
 Searing Ray              Conj           76%        2d7       2%          2
 Sting                    Tmut/Pois      12%        1d3       13%         1
 Summon Small Mammal      Summ           12%        N/A       13%         1
 Dazzling Flash           Conj/Hex       42%        N/A       13%         3
 Poisonous Vapours        Pois/Air       6%         N/A       19%         2
 Call Canine Familiar     Summ           3%         N/A       36%         3
 Summon Guardian Golem    Hex/Summ       3%         N/A       36%         3
 Fulminant Prism          Conj/Hex       10%        3d8       41%         4
 Iskenderun's Mystic Bla  Conj/Tloc      21%        2d6       41%         4
 Olgreb's Toxic Radiance  Pois           3%         N/A       77%         4


Dungeon Overview and Level Annotations

Branches:
Dungeon (3/15)

Altars:
Hepliaklqana
Nemelex Xobeh
Sif Muna
Wu Jian

Shops:
D:2 :


Innate Abilities, Weirdness & Mutations

You cannot wear most types of armour.
You are amphibious.
You can wear up to eight rings at the same time.
Your skin changes colour to match your surroundings (Stealth+).
Your rubbery body absorbs attacks. (AC +1, EV +1)
((You are camouflaged when in or above water. (Stealth+)))
You have tentacles for arms and can constrict up to eight enemies at once.


Message History

You squeeze the orc priest, but do no damage.
The orc priest is moderately wounded.
You constrict the orc priest, but do no damage.
The orc wizard misses you.
The orc priest invokes the aid of Beogh against you.
Beogh smites you!
* * * LOW HITPOINT WARNING * * *
Casting: Magic Dart (safe; 1% risk of failure)
Confirm with . or Enter, or press ? or * to list all spells.
Aiming: Magic Dart (safe; 1% risk of failure)
Press: ? - help, Shift-Dir - straight line, f/p - orc priest
Aim: an orc priest, wielding a +0 club and wearing a +0 chain mail (moderately wounded, constricted by you, 100% to hit)
You feel a surge of power!
The magic dart hits the orc priest but does no damage.
The orc priest is moderately wounded.
You constrict the orc priest. The orc wizard closely misses you.
The orc priest hits you with a +0 club.
* * * LOW HITPOINT WARNING * * *
The air fills with toxic fumes!
As you read the scroll of poison, it crumbles to dust.
You constrict the orc priest, but do no damage.
The orc priest barely misses you.
The orc wizard hits you but does no damage.
You hit the orc wizard but do no damage.
Your grab misses the orc wizard.
You constrict the orc priest, but do no damage.
The orc wizard hits you with a +0 dagger.
* * * LOW HITPOINT WARNING * * *
The orc priest hits you with a +0 club.
* * * LOW HITPOINT WARNING * * *
The orc wizard points at you and mumbles some strange words.
You resist with some effort. The orc priest misses you.
Hit: n) staff of conjuration
Press: ? - help, Dir - move target, f - orc wizard, p - orc priest
Aim: an orc wizard, wielding a +0 dagger and wearing a +0 robe (about 49% to evade your staff of conjuration)
You closely miss the orc wizard. Your grab misses the orc wizard.
You constrict the orc priest. The orc wizard barely misses you.
The orc priest invokes the aid of Beogh against you.
Pain shoots through your body!
You die...

#.# #.# ..# ## #.# .# #.##
.# ##..# .##.#
#####...##### ....#
§#§########...........#
###.#
§§§§§oo@#...###.).###.# #
#.#
.#.§#§###o#§§#.#G#...#G#.#
# #.##.#..#
§§###§§§###...###.# #
#.......# ###
.##§§§§.......# #
#.##.#..# .#.#.§§§._.....#
###.......# ##
#...§§.......# ..........#
#.#.###...###.#
####....#.#.
.##.#G#...#G#.#
####......#. #.###...###.#


You could see an orc priest, an orc wizard and an orc.

Vanquished Creatures
  3 adders
  A worm (D:2)
  2 dart slugs
  An orc (D:3)
  5 ball pythons
  5 endoplasms
  11 giant cockroaches (D:2)
  4 goblins
  7 hobgoblins
  9 jackals
  2 quokkas
  4 bats
  2 frilled lizards
  3 kobolds
  4 rats
63 creatures vanquished.

Notes
Turn   | Place    | Note
-------+----------+-------------------------------------------
     0 | D:1      | Sabo the Octopode Conjurer began the quest for the Orb.
     0 | D:1      | Reached XP level 1. HP: 11/11 MP: 3/3
   352 | D:1      | Reached XP level 2. HP: 17/17 MP: 1/5
  1021 | D:1      | Reached XP level 3. HP: 21/21 MP: 1/6
  1582 | D:2      | Found Imukeol's Book Shop.
  2149 | D:2      | Reached XP level 4. HP: 26/27 MP: 7/7
  2238 | D:2      | Reached skill level 5 in Conjurations
  3031 | D:3      | Found an ornate altar of the Wu Jian Council.
  3177 | D:3      | Found a shimmering blue altar of Sif Muna.
  3177 | D:3      | Found a hazy altar of Hepliaklqana.
  3178 | D:3      | Found a sparkling altar of Nemelex Xobeh.
  3213 | D:3      | Became a worshipper of Hepliaklqana the Forgotten
  3313 | D:3      | Found a faded altar of an unknown god.
  3313 | D:3      | Noticed an eye of devastation
  3317 | D:3      | Noticed a floating eye
  3318 | D:3      | Noticed an eye of devastation
  3318 | D:3      | Noticed a shining eye
  3383 | D:3      | Killed from afar by an orc priest

Illustrated notes

Levels and vault maps discovered:
D:1:      lightli_arrival_noodles, layout_basic
D:2:      minmay_roachtagon, layout_rooms, serial_shops, shop
D:3:      layout_loops_ring, chequers_temple_overflow_statue_of_worship,
          nzn_wu_jian_contemplation, hellmonk_ecumenical_altar_watching_god,
          grunt_decor_arrowhead

Skill      XL: |  1  2  3  4 |
---------------+-------------+-----
Stealth        | 3 |  3.2
Conjurations   | 5 |  5.1
Maces & Flails | |  0.2
Dodging        | |  2.4
Spellcasting   | |  2.8

Action                     |  1- 3 |  4- 6 || total
---------------------------+-------+-------++-------
  Melee: Unarmed           |     2 |       ||     2
         Constrict         |     3 |     2 ||     5
         Flail             |     5 |     4 ||     9
         Tentacles         |     2 |     2 ||     4
         Punch             |     1 |       ||     1
         Staff             |       |     7 ||     7
   Cast: Magic Dart        |    75 |    50 ||   125
    Use: Scroll            |     5 |     1 ||     6
 Armour: Skin              |     2 |     2 ||     4
  Dodge: Dodged            |    11 |     9 ||    20

Table legend: (Time is in decaauts)
 A = Elapsed time spent in this place.
 B = Non-inter-level travel time spent in this place.
 C = Inter-level travel time spent in this place.
 D = Time resting spent in this place.
 E = Time spent auto-exploring this place.
 F = Levels seen in this place.
 G = Mean time per level.
                   A        B        C        D        E       F      G
               +--------+--------+--------+--------+--------+-----+--------+
         Total |   3385 |   3385 |      0 |   1246 |      0 |   3 | 1128.3 |
       Dungeon |   3385 |   3385 |      0 |   1246 |      0 |   3 | 1128.3 |
               +--------+--------+--------+--------+--------+-----+--------+

Top non-repeatable levels by time:
     D:1: 1530 daAuts
     D:2: 1123 daAuts
     D:3: 730 daAuts
